 Dungeon Crawl Stone Soup version 0.26-a0-1107-g6118521029 (webtiles) character file.

Game seed: 9935141170725947276

106 Dracia the Distorting Demonspawn (level 4, -3/35 HPs)
             Began as a Demonspawn Abyssal Knight on Dec 16, 2020.
             Was a Believer of Lugonu.
             Slain by a gnoll
             ... wielding a +0 flail
              (10 damage)
             ... on level 3 of the Dungeon.
             The game lasted 00:03:05 (2121 turns).

Dracia the Distorting Demonspawn (DsAK)             Turns: 2121, Time: 00:03:06

Health: -3/35      AC:  9    Str: 13    XL:     4   Next: 55%
Magic:  7/7        EV:  5    Int: 14    God:    Lugonu [**....]
Gold:   182        SH:  4    Dex: 12    Spells: 3/3 levels left

rFire    . . .     SeeInvis .   a - +1 falchion
rCold    . . .     Faith    .   d - +0 buckler
rNeg     . . .     Spirit   .   j - +0 chain mail
rPois    .         Reflect  .   (helmet restricted)
rElec    .         Harm     .   (no cloak)
rCorr    +         Rampage  .   (no gloves)
Will     .....                  g - +0 pair of boots
Stlth    ..........             (no amulet)
HPRegen  0.11/turn              R - ring of resist corrosion
MPRegen  0.10/turn              (no ring)

@: mighty
A: antennae 1
a: Depart the Abyss, Bend Space, Renounce Religion


You were on level 3 of the Dungeon.
You worshipped Lugonu.
Lugonu was pleased with you.
You visited 1 branch of the dungeon, and saw 3 of its levels.
You visited the Abyss 1 time.

You collected 182 gold pieces.


Innate Abilities, Weirdness & Mutations

You have a pair of small antennae on your head.


   Skills:
 - Level 3.0 Fighting
 + Level 3.1 Long Blades
 - Level 1.7 Armour
 - Level 0.8 Dodging
 + Level 1.3 Shields
 + Level 4.4 Invocations


You had 3 spell levels left.
You didn't know any spells.
Your spell library was empty.

Inventory:

Hand Weapons
 a - a +1 falchion (weapon)
Armour
 b - a +0 leather armour
 c - a +0 scale mail
 d - a +0 buckler (worn)
 g - a +0 pair of boots (worn)
 j - a +0 chain mail (worn)
 n - a +0 leather armour of willpower
Jewellery
 R - a ring of resist corrosion (left hand)
Scrolls
 e - 4 scrolls of identify {unknown}
 f - a scroll of remove curse {unknown}
 h - 2 scrolls of enchant weapon {unknown}
 i - 5 scrolls of teleportation {unknown}
 k - a scroll of enchant armour {unknown}
 l - a scroll of magic mapping {unknown}
Potions
 o - 2 potions of heal wounds {unknown}
 p - a potion of curing {@q1@q1}

Dungeon Overview and Level Annotations

Branches:
Dungeon (3/15)

Altars:

..........# #.# #....#
..........# #.# #....#
..........+ #.# #.(..#
.........†# #.# #.....
).........# #.# #.....
..........##+#'####.....
#######.g...............
#g###.........###.
####@###.........# #.
#.................# #.
#...........<.....# #.
#...).............# #.
#........########## .
#........# #........#
#####+####


You could see 2 gnolls.


Message History

The gnoll hits you from afar with a cursed -2 spear.
You slash the gnoll!
The gnoll is severely wounded.
The gnoll hits you but does no damage.
You slash the gnoll!
You kill the gnoll!
Lugonu accepts your kill.
The gnoll hits you from afar with a cursed -2 spear.
The gnoll hits you but does no damage.
You closely miss the gnoll.
The gnoll is heavily wounded.
The gnoll hits you but does no damage. You block the gnoll's attack.
You closely miss the gnoll.
The gnoll is heavily wounded.
The gnoll hits you but does no damage.
The gnoll hits you from afar with a cursed -2 spear.
You hit the gnoll.
The gnoll is almost dead.
The gnoll barely misses you. The gnoll completely misses you.
You slash the gnoll!
You kill the gnoll!
Lugonu accepts your kill.
The gnoll hits you from afar with a cursed -2 spear.
* * * LOW HITPOINT WARNING * * *
You closely miss the gnoll. The gnoll hits you with a +0 flail.
* * * LOW HITPOINT WARNING * * *
The gnoll hits you but does no damage.
Your chain mail prevents you from hitting the gnoll.
The gnoll hits you with a +0 flail!
You die...

Skill      XL: |  1  2  3  4 |
---------------+-------------+-----
Long Blades    | 2 3 |  3.1
Invocations    | 3 4 |  4.4
Shields        | 1 |  1.3
Fighting       | |  3.0
Armour         | |  1.7
Dodging        | |  0.8

Action                   |  1- 3 |  4- 6 || total
-------------------------+-------+-------++-------
Melee: Falchion          |   123 |    35 ||   158
  Use: Potion            |     3 |     1 ||     4
Armor: Scale mail        |    48 |       ||    48
       Leather armour    |     1 |       ||     1
       Chain mail        |    21 |    22 ||    43
Dodge: Dodged            |    55 |     4 ||    59
Block: Buckler           |    15 |     2 ||    17
       Rpst.: Falchion   |    12 |       ||    12

Levels and vault maps discovered:
D:1:      nzn_arrival_depleted_hourglass, layout_rooms, serial_bayou_pond_e
D:2:      layout_rooms, minmay_cut_off
D:3:      layout_basic, grunt_temple_overflow_lords_of_destruction,
          chequers_serial_rivers_room_b

Notes
Turn   | Place    | Note
-------+----------+-------------------------------------------
     0 | Abyss:1  | Dracia the Demonspawn Abyssal Knight began the quest for
                  | the Orb.
     0 | Abyss:1  | Reached XP level 1. HP: 18/18 MP: 2/2
    15 | D:1      | You pass through the gate.
    15 | D:1      | Escaped the Abyss
   121 | D:1      | Reached skill level 2 in Long Blades
   186 | D:1      | Reached skill level 3 in Invocations
   234 | D:1      | Gained mutation: You have a pair of small antennae on your
                  | head. [demonic ancestry]
   234 | D:1      | Reached XP level 2. HP: 24/24 MP: 4/4
   499 | D:1      | Reached ** piety under Lugonu
   922 | D:2      | Reached XP level 3. HP: 26/29 MP: 5/5
  1261 | D:2      | Reached skill level 4 in Invocations
  1794 | D:3      | Reached XP level 4. HP: 35/35 MP: 7/7
  1866 | D:3      | Reached skill level 3 in Long Blades
  1920 | D:3      | Reached skill level 1 in Shields
  2121 | D:3      | Slain by a gnoll

Vanquished Creatures
  2 gnolls (D:3)
  2 adders
  An ooze (D:3)
  A worm (D:3)
  4 dart slugs
  2 ball pythons
  4 giant cockroaches
  7 goblins
  5 hobgoblins
  3 jackals (D:1)
  7 kobolds
  A quokka (D:2)
  5 bats
  2 frilled lizards (D:2)
  9 rats
55 creatures vanquished.

Table legend: (Time is in decaauts)
 A = Elapsed time spent in this place.
 B = Non-inter-level travel time spent in this place.
 C = Inter-level travel time spent in this place.
 D = Time resting spent in this place.
 E = Time spent auto-exploring this place.
 F = Levels seen in this place.
 G = Mean time per level.
                   A        B        C        D        E       F      G
               +--------+--------+--------+--------+--------+-----+--------+
         Total |   2151 |   2103 |     48 |    136 |   1532 |   4 |  537.8 |
       Dungeon |   2136 |   2088 |     48 |    136 |   1523 |   3 |  712.0 |
         Abyss |     15 |     15 |      0 |      0 |      9 |   1 |   15.0 |
               +--------+--------+--------+--------+--------+-----+--------+

Top non-repeatable levels by time:
     D:1: 910 daAuts
     D:2: 685 daAuts
     D:3: 540 daAuts
 Abyss:1: 15 daAuts

Table legend:
 A = Non-vault XP
 B = Vault XP
 C = Vault XP percentage of total XP
 D = Non-vault monster count
 E = Vault monster count
 F = Vault count percentage of total count
                 A         B        C        D         E       F
            +---------+---------+-------+---------+---------+-------
      Total |     146 |       6 |   3.9 |      52 |       3 |   5.5
            +---------+---------+-------+---------+---------+-------
        D:1 |      38 |       0 |   0.0 |      19 |       0 |   0.0
        D:2 |      42 |       6 |  12.5 |      20 |       3 |  13.0
        D:3 |      66 |       0 |   0.0 |      13 |       0 |   0.0
            +---------+---------+-------+---------+---------+-------
